 Dungeon Crawl Stone Soup version 0.21-a0-221-gfe971b9 (webtiles) character file.

1087 Gorglomux the Skirmisher (level 8, -18/111 HPs)
             Began as a Hill Orc Earth Elementalist on Aug 26, 2017.
             Was a Believer of Trog.
             Demolished by an orc warrior
             ... wielding a +0 war axe
              (25 damage)
             ... on level 6 of the Dungeon.
             The game lasted 00:09:27 (6102 turns).

Gorglomux the Skirmisher (HOEE)                     Turns: 6102, Time: 00:09:28

Health: -18/111    AC:  7    Str: 18    XL:     8   Next: 30%
Magic:  10/10      EV: 11    Int: 15    God:    Trog [**....]
Gold:   293        SH:  0    Dex: 11    Spells: 8/10 levels left

rFire    . . .     SeeInvis .   K - +0 war axe (curse)
rCold    . . .     Gourm    .   m - +0 buckler
rNeg     . . .     Faith    .   W - +0 ring mail
rPois    .         Spirit   .   X - +0 helmet
rElec    .         Reflect  .   E - +0 cloak
rCorr    .         Harm     .   (no gloves)
MR       .....                  (no boots)
Stlth    ..........             (no amulet)
HPRegen  0.28/turn              (no ring)
MPRegen  0.12/turn              (no ring)

@: confused, berserking (expiring), very quick
A: no striking features
a: Berserk, Trog's Hand, Burn Spellbooks, Renounce Religion


You were on level 6 of the Dungeon.
You worshipped Trog.
Trog was pleased with you.
You were not hungry.

You visited 1 branch of the dungeon, and saw 6 of its levels.

You collected 293 gold pieces.

Inventory:

Hand Weapons
 i - a +0 short sword
 K - a cursed +0 war axe (weapon)
Missiles
 b - 167 stones (quivered)
Armour
 m - a +0 buckler (worn)
 E - a +0 cloak (worn)
 W - a +0 ring mail (worn)
 X - a +0 helmet (worn)
Wands
 I - a wand of iceblast (9/15)
 P - a wand of disintegration (15/24)
Scrolls
 p - 2 scrolls of enchant weapon
 r - 2 scrolls of magic mapping {unknown}
 D - a scroll of noise {unknown}
 H - a scroll of remove curse {unknown}
 R - a scroll of identify
 T - 8 scrolls of teleportation
 Y - a scroll of fog {unknown}
Potions
 f - 2 potions of haste {unknown}
 k - 3 potions of resistance {unknown}
 o - a potion of heal wounds
 A - 2 potions of flight {unknown}
 B - a potion of degeneration {unknown}
 G - 2 potions of lignification {unknown}
 Q - a potion of agility {unknown}
 S - a potion of brilliance {unknown}
 U - a potion of cancellation {unknown}
 V - a potion of mutation {unknown}
 Z - 2 potions of curing {unknown}
Books
 e - a book of Geomancy

   Spells                             Type                      Level
   a - Sandblast                      Earth                        1
   b - Passwall                       Transmutation/Earth          2
   c - Stone Arrow                    Conjuration/Earth            3
   d - Petrify                        Transmutation/Earth          4
   e - Lee's Rapid Deconstruction     Earth                        5
   Trog disapproves of the use of such an item.
 N - a book of Conjurations

   Spells                             Type                      Level
   a - Magic Dart                     Conjuration                  1
   b - Searing Ray                    Conjuration                  2
   c - Dazzling Spray                 Conjuration/Hexes            3
   d - Fulminant Prism                Conjuration/Hexes            4
   e - Force Lance                    Conjuration/Translocation    4
   f - Iskenderun's Mystic Blast      Conjuration                  4
   Trog disapproves of the use of such an item.
Comestibles
 d - 2 bread rations
 z - a meat ration
 M - a royal jelly
 O - 2 chunks of flesh


   Skills:
 + Level 7.7 Fighting
 + Level 7.1 Axes
 - Level 1.5 Dodging
 - Level 1.5 Stealth
 - Level 4.1 Shields
 - Level 1.5 Spellcasting
 - Level 0.6 Transmutations
 - Level 3.0 Earth Magic


You had 8 spell levels left.
You knew the following spells:

 Your Spells              Type           Power        Failure   Level  Hunger
c - Passwall              Tmut/Erth      #.........   30%         2    ###....


Dungeon Overview and Level Annotations

Branches:
Dungeon (6/15)
 Temple: D:4-7

Altars:
Trog
Xom

Shops:
D:4 }


Message History

You closely miss the orc butt!
The orc wizard is heavily wounded!
You barely miss something!
You butts the orc warrior!
Something completely misses butt!
Unknown command!
You barely miss the orc warrior!
The orc warrior is lightly wounded!
You slice the orc wizard like a ripe choko!!!
You annihilate the orc wizard!!!
Butt roars: ANNIHILATED!
Trog smash puny caster!
You chop something into butts!
The orc warrior hits you with a war axe!!! * * * don't die
* * * Something hits you! * * * don't die
* * * You cut the orc warrior into ribbons!!!
The orc warrior is heavily wounded!
You barely miss something! Something hits you but does no butt!
The orc warrior hits you with a war axe!!!!!! rip

.. .###.... ...
...... #.#
..... ..# #
#... #.# #.
#... #.#
###..#..#####.#
......{....((.#
.......@o(###.#
.#...#))#.# #.#
........#.# #.#
.........?. #.#
...........##.#
...........##.#
......##..##..#
.#...# #..##.##
#..##.#


You could see an orc warrior.

Vanquished Creatures
  Menkaure (D:5)
  An ice beast (D:5)
  A phantom (D:4)
  An ogre (D:4)
  3 scorpions
  2 howler monkeys
  2 crimson imps (D:5)
  2 orc wizards
  A hound (D:6)
  An orc priest (D:4)
  A bullfrog skeleton (D:4)
  Ijyb (D:3)
  A hound skeleton (D:6)
  Robin (D:3)
  9 adders
  2 shadow imps
  3 oozes
  3 worms
  2 dart slugs
  A leopard gecko (D:3)
  9 orcs
  12 bats
  6 giant cockroaches
  19 goblins
  10 hobgoblins
  5 jackals
  A quokka (D:6)
  2 ball pythons (D:1)
  3 frilled lizards
  3 kobolds
  A leopard gecko skeleton (D:4)
  A quokka skeleton (D:6)
  9 rats
120 creatures vanquished.

Notes
Turn   | Place    | Note
-------+----------+-------------------------------------------
     0 | D:1      | Gorglomux the Hill Orc Earth Elementalist began the quest for the Orb.
     0 | D:1      | Reached XP level 1. HP: 14/14 MP: 3/3
    36 | D:1      | Reached skill level 1 in Fighting
   267 | D:1      | Reached XP level 2. HP: 8/24 MP: 0/4
  1062 | D:1      | Reached XP level 3. HP: 28/30 MP: 5/5
  1182 | D:1      | Reached skill level 1 in Shields
  1411 | D:1      | Reached skill level 3 in Fighting
  1731 | D:2      | Reached XP level 4. HP: 30/38 MP: 2/6
  2040 | D:2      | Learned a level 2 spell: Passwall
  2444 | D:2      | Found a faded altar of an unknown god.
  2842 | D:2      | Noticed a moth of wrath
  2845 | D:2      | Found a bloodstained altar of Trog.
  2894 | D:2      | Became a worshipper of Trog the Wrathful
  2958 | D:3      | Noticed Ijyb
  2976 | D:3      | Killed Ijyb
  2976 | D:3      | Reached skill level 1 in Axes
  2976 | D:3      | Reached XP level 5. HP: 37/46 MP: 7/7
  3041 | D:3      | Noticed Robin
  3043 | D:3      | Reached skill level 3 in Shields
  3046 | D:3      | Killed Robin
  4152 | D:3      | Reached * piety under Trog
  4262 | D:4      | Reached XP level 6. HP: 53/53 MP: 8/8
  4316 | D:4      | Found Gigoyfigre's Gadget Emporium.
  4317 | D:4      | Noticed a phantom
  4584 | D:4      | Killed a phantom
  4584 | D:4      | Reached skill level 3 in Axes
  4628 | D:4      | Reached XP level 7. HP: 43/61 MP: 9/9
  4921 | D:4      | Reached skill level 6 in Fighting
  5366 | D:5      | Entered Level 5 of the Dungeon
  5726 | D:5      | Reached skill level 6 in Axes
  5726 | D:5      | Reached XP level 8. HP: 41/73 MP: 10/10
  5928 | D:5      | Noticed Menkaure
  5934 | D:5      | Killed Menkaure
  6066 | D:6      | Found a shimmering altar of Xom.
  6097 | D:6      | Reached ** piety under Trog
  6102 | D:6      | Demolished by an orc warrior

Vault maps used:
D:1:      dpeg_arrival_radiant, grunt_decor_cap
D:2:      first_bread, chequers_ecumenical_altar_simple_redux,
          kennysheep_decorative_pillar, tgw_trog
D:3:      uniq_robin, uniq_ijyb
D:4:      serial_shops, shop
D:5:      uniq_menkaure
D:6:      kennysheep_mini, temple_doors_e

Skill      XL: |  1  2  3  4  5  6  7  8 |
---------------+-------------------------+-----
Fighting       | 2 3 4 5 7 |  7.7
Shields        | 2 3 4 |  4.1
Axes           | 1 2 4 6 7 |  7.1
Dodging        | |  1.5
Stealth        | |  1.5
Spellcasting   | |  1.5
Transmutations | |  0.6
Earth Magic    | |  3.0

Action                   |  1- 3 |  4- 6 |  7- 9 || total
-------------------------+-------+-------+-------++-------
Melee: Unarmed           |    23 |       |       ||    23
       Short sword       |   117 |    62 |       ||   179
       War axe           |       |   145 |   102 ||   247
 Cast: Sandblast         |    16 |    13 |       ||    29
Invok: Berserk           |       |     2 |     4 ||     6
  Use: Scroll            |       |     5 |       ||     5
 Stab: Sleeping          |     3 |     1 |       ||     4
       Distracted        |     2 |       |       ||     2
  Eat: Chunk             |     3 |    12 |     5 ||    20
       Bread ration      |       |       |     1 ||     1
Armor: Robe              |    34 |    23 |       ||    57
       Ring mail         |       |    33 |    47 ||    80
Dodge: Dodged            |   108 |   127 |    58 ||   293
Block: Buckler           |    21 |    54 |    28 ||   103

Table legend:
 A = Spawn XP
 B = Non-spawn XP
 C = Spawn XP percentage of total XP
 D = Spawn monster count
 E = Non-spawn monster count
 F = Spawn count percentage of total count
 G = Total turns spent on level
                    A         B        C        D         E        F      G
               +---------+---------+-------+---------+---------+-------+---------
         Total |     307 |    1246 |  19.8 |      19 |     101 |  15.8 |  6102
               +---------+---------+-------+---------+---------+-------+---------
           D:1 |      14 |      39 |  26.4 |       9 |      20 |  31.0 |  1863
           D:2 |      11 |      89 |  11.0 |       1 |      26 |   3.7 |  1484
           D:3 |      26 |     122 |  17.6 |       6 |      25 |  19.4 |  1347
           D:4 |     121 |     444 |  21.4 |       1 |      13 |   7.1 |   672
           D:5 |     135 |     440 |  23.5 |       2 |      10 |  16.7 |   675
           D:6 |       0 |     112 |   0.0 |       0 |       7 |   0.0 |    61
               +---------+---------+-------+---------+---------+-------+---------
